 Dungeon Crawl Stone Soup version 0.24.0-125-gc4c63601f3 (console) character file.

Game seed: 13711033122737521484, levelgen mode: deterministic

101 Kagalorn the Stinger (level 4, -1/27 HPs)
             Began as an Octopode Venom Mage on Mar 11, 2020.
             Was an Initiate of Vehumet.
             Killed from afar by an orc wizard (8 damage)
             ... with a magic dart
             ... on level 3 of the Dungeon.
             The game lasted 00:05:43 (2363 turns).

Kagalorn the Stinger (Octopode Venom Mage)          Turns: 2363, Time: 00:05:44

Health: -1/27      AC:  1    Str:  7    XL:     4   Next: 75%
Magic:  1/7        EV: 13    Int: 18    God:    Vehumet [......]
Gold:   136        SH:  0    Dex: 12    Spells: 4/7 levels left

rFire    . . .     SeeInvis .   a - +1 dagger (drain)
rCold    . . .     Gourm    .   (no shield)
rNeg     . . .     Faith    .   (helmet restricted)
rPois    .         Spirit   .   (no amulet)
rElec    .         Reflect  .   (no ring)
rCorr    .         Harm     .   (no ring)
MR       .....                  (no ring)
Stlth    +++.......             (no ring)
HPRegen  0.09/turn              (no ring)
MPRegen  0.10/turn              (no ring)
                                (no ring)
                                (no ring)

@: very slightly contaminated
A: almost no armour, stealthy swim, amphibious, 8 rings, constrict 8, camouflage
1, gelatinous body 1
a: Renounce Religion


You were on level 3 of the Dungeon.
You worshipped Vehumet.
Vehumet was noncommittal.
You were hungry.

You visited 1 branch of the dungeon, and saw 3 of its levels.

You collected 136 gold pieces.

Inventory:

Hand Weapons
 a - a +1 dagger of draining (weapon)
 b - a +1 hand axe of flaming
Missiles
 e - 35 poisoned darts (quivered)
 f - 18 stones
 k - 4 boomerangs
Jewellery
 p - an uncursed ring of flight
Scrolls
 d - a scroll of blinking {unknown}
 j - 2 scrolls of identify {unknown}
 l - a scroll of immolation {unknown}
 n - 2 scrolls of remove curse {unknown}
 q - a scroll of amnesia {unknown}
Potions
 g - 2 potions of heal wounds {unknown}
 h - 2 potions of might {unknown}
 i - a potion of ambrosia {unknown}
 m - a potion of flight {unknown}
 o - a potion of invisibility {unknown}
 s - a potion of magic {unknown}
Comestibles
 c - 6 rations
 r - 3 chunks of flesh


   Skills:
 - Level 2.0 Dodging
 - Level 2.6 Stealth
 - Level 2.0 Spellcasting
 - Level 1.0 Conjurations
 * Level 6.4 Poison Magic


You had 4 spell levels left.
You knew the following spells:

 Your Spells              Type           Power        Failure   Level  Hunger
a - Sting                 Conj/Pois      ###.         4%          1    #......
b - Poisonous Vapours     Pois/Air       ##....       8%          2    ###....

Your spell library contained the following spells:

 Spells                   Type           Power        Failure   Level  Hunger
 Olgreb's Toxic Radiance  Pois           ####....     13%         4    #####..
 Mephitic Cloud           Conj/Pois/Air  ##......     21%         3    ###....
 Venom Bolt               Conj/Pois      ###.......   73%         5    ######.


Dungeon Overview and Level Annotations

Branches:
Dungeon (3/15)

Altars:
Fedhas
Okawaru
Vehumet
Zin


Innate Abilities, Weirdness & Mutations

You cannot wear most types of armour.
You are very stealthy in the water. (Stealth+)
You are amphibious.
You can wear up to eight rings at the same time.
You can use your tentacles to constrict eight enemies at once.
Your skin changes colour to match your surroundings (Stealth+).
Your rubbery body absorbs attacks. (AC +1, EV +1)


Message History

Aiming: Poisonous Vapours (safe; 8% risk of failure)
Press: ? - help, Dir - move target cursor You miscast Poisonous Vapours.
You hear a whooshing sound.
Something hits you. x2
Casting: Poisonous Vapours (safe; 8% risk of failure)
Confirm with . or Enter, or press ? or * to list all spells.
Aiming: Poisonous Vapours (safe; 8% risk of failure)
Press: ? - help, Dir - move target cursor Poisonous vapours surround something!
You are feeling hungry.
Something barely misses you.
An orc wizard appears from thin air!
Reactivating autopickup.
The orc wizard points at you and mumbles some strange words.
The magic dart hits you.
* * * LOW HITPOINT WARNING * * *
The orc wizard gestures at you while chanting.
The magic dart hits you!
You die...

.............##....#
######..[....##....# #
#..#######....# . #..####
#....# . #.....# #....#
#.....# #....# #.....# #.o..#
#.....# ##'### . #.....# #@#
.# #.....# #.# .#####....)#
#.# .........#.# #.#
.........#.#####.#############
....^....#..#................#
.#####+####.#.##.#####.......#
.....#.#.....)......##.......#
.....#.#.###.....##.##.......#


You could see an orc wizard.

Vanquished Creatures
  An orc priest (D:3)
  An adder (D:3)
  A worm (D:2)
  A dart slug (D:1)
  3 leopard geckos
  3 orcs (D:3)
  A giant cockroach (D:3)
  10 goblins
  5 hobgoblins
  3 jackals (D:3)
  2 quokkas (D:3)
  9 bats
  2 frilled lizards
  5 kobolds
  3 rats (D:3)
50 creatures vanquished.

Notes
Turn   | Place    | Note
-------+----------+-------------------------------------------
     0 | D:1      | Kagalorn the Octopode Venom Mage began the quest for the
                  | Orb.
     0 | D:1      | Reached XP level 1. HP: 11/11 MP: 3/3
   129 | D:1      | Reached skill level 4 in Poison Magic
   200 | D:1      | Reached XP level 2. HP: 17/17 MP: 1/5
   846 | D:1      | Reached skill level 5 in Poison Magic
   846 | D:1      | Reached XP level 3. HP: 21/21 MP: 6/6
   916 | D:2      | Found a glowing silver altar of Zin.
  1093 | D:2      | Learned a level 2 spell: Poisonous Vapours
  1670 | D:3      | Found an iron altar of Okawaru.
  1743 | D:3      | Reached XP level 4. HP: 11/27 MP: 0/7
  2106 | D:3      | Reached skill level 6 in Poison Magic
  2298 | D:3      | Found a blossoming altar of Fedhas.
  2299 | D:3      | Found a radiant altar of Vehumet.
  2305 | D:3      | Became a worshipper of Vehumet
  2363 | D:3      | Killed from afar by an orc wizard

Levels and vault maps discovered:
D:1:      elethiomel_arrival_maze, layout_basic
D:2:      layout_rooms, zin_statuary, minmay_tromino_mix6
D:3:      layout_basic, okawaru_metal_pillars_1_2,
          gammafunk_temple_overflow_pools, first_ration

Skill      XL: |  1  2  3  4 |
---------------+-------------+-----
Poison Magic   | 4 5 6 |  6.4
Dodging        | |  2.0
Stealth        | |  2.6
Spellcasting   | |  2.0
Conjurations   | |  1.0

Action                   |  1- 3 |  4- 6 || total
-------------------------+-------+-------++-------
Melee: Unarmed           |     4 |       ||     4
       Constrict         |    14 |     1 ||    15
       Tentacles         |     6 |     1 ||     7
       Short sword       |    16 |       ||    16
       Dagger            |    31 |     6 ||    37
 Cast: Sting             |    29 |     9 ||    38
       Poisonous Vapours |     2 |     5 ||     7
 Stab: Sleeping          |    10 |       ||    10
  Eat: Chunk             |     3 |     2 ||     5
Armor: Skin              |     4 |       ||     4
Dodge: Dodged            |    30 |    12 ||    42
